Map: 사이버 포레스트 - 래더

Players

Crow

  • Race: Zerg Zerg
  • Spawn Location: 11:00

gumiho - Winner!

  • Race: Terran Terran
  • Spawn Location: 5:00

Event: IEM Season 13: Katowice (2019)

VOD

Have the link to the VOD?

Description

Time

  • Played on: Feb. 26, 2019, 4:18 a.m.
  • Length: 11:37

All games in this series

Show
View Real Time Build Order
Export as new Build Order

Crow Zerg 

Build Orders: Hatch First 

Get SALT Encoding   

  12  0:00  Drone  
  13  0:13  Overlord  
  13  0:18  Drone  
  14  0:31  Drone  
  14  0:32  Drone  
  16  0:49  Hatchery  
  15  0:52  Drone  
  15  0:56  Drone  
  17  1:00  Drone  
  18  1:12  Extractor  
  18  1:16  Spawning Pool  
  18  1:18  Drone  
  17  1:21  Drone  
  18  1:28  Drone  
  19  1:40  Drone  
  20  1:56  Overlord  
  20  2:03  Queen x2, Zergling x2  
  20  2:04  Zergling x2  
  26  2:17  Metabolic Boost  
  26  2:18  Drone x2  
  28  2:24  Drone x2  
  30  2:35  Zergling x2  
  31  2:37  Drone  
  31  2:42  Queen  
  34  2:48  Overlord  
  34  2:53  Drone  
  35  3:01  Drone  
  35  3:05  Drone, Hatchery  
  35  3:09  Drone x2  
  38  3:13  Drone  
  38  3:18  Drone  
  40  3:20  Queen  
  40  3:25  Overlord, Drone  
  43  3:27  Drone  
  44  3:44  Zergling x6  
  44  3:45  Zergling x6  
  44  3:46  Queen  
  44  3:48  Overlord  
  52  4:01  Overlord  
  52  4:07  Drone x2  
  52  4:08  Drone x2  
  56  4:11  Lair  
  56  4:12  Drone  
  56  4:16  Queen  
  57  4:19  Drone x5  
  64  4:26  Queen  
  64  4:28  Spore Crawler  
  64  4:30  Spore Crawler  
  63  4:31  Spore Crawler  
  63  4:35  Drone x2  
  63  4:36  Drone  
  65  4:42  Overlord, Drone  
  65  4:44  Overlord  
  66  4:53  Baneling Nest  
  66  4:56  Drone  
  66  4:57  Overlord  
  66  5:04  Drone x5  
  66  5:05  Drone x2  
  73  5:10  Extractor  
  73  5:12  Extractor, Overlord, Drone  
  72  5:15  Overseer  
  72  5:19  Drone x7  
  72  5:20  Overseer  
  79  5:25  Overlord  
  79  5:31  Drone x4  
  79  5:35  Evolution Chamber  
  82  5:37  Evolution Chamber, Overlord  
  82  5:42  Drone  
  82  5:44  Overlord  
  82  5:45  Drone x6  
  88  5:52  Centrifical Hooks  
  88  6:05  Drone x6  
  88  6:07  Extractor  
  88  6:08  Extractor  
  88  6:10  Hatchery  
  91  6:16  Overlord  
  91  6:21  Zerg Missile Weapons Level 1  
  91  6:22  Zerg Melee Weapons Level 1  
  91  6:25  Drone x7  
  92  6:26  Extractor, Overlord, Hydralisk Den  
  96  6:34  Overlord  
  96  6:37  Overlord  
  96  6:40  Zergling x4  
  87  6:50  Zergling x10  
  82  6:56  Zergling x8  
  82  6:59  Zergling x2  
  82  7:00  Zergling x4  
  88  7:05  Spore Crawler  
  88  7:06  Zergling x6  
  73  7:16  Drone x3  
  73  7:22  Drone, Hatchery  
  78  7:23  Grooved Spines  
  78  7:28  Drone x3  
  80  7:30  Hatchery  
  80  7:36  Drone x6  
  85  7:42  Drone  
  86  7:46  Drone  
  86  7:47  Drone  
  86  7:50  Hydralisk  
  90  7:52  Baneling x5  
  90  7:53  Baneling x2  
  90  7:54  Hydralisk  
  90  7:58  Hydralisk x4  
  93  8:00  Drone x2  
  101  8:07  Drone, Infestation Pit  
  101  8:08  Drone x2  
  101  8:11  Drone x3  
  106  8:13  Drone  
  107  8:22  Zerg Missile Weapons Level 2, Zerg Melee Weapons Level 2  
  107  8:24  Hydralisk  
  109  8:30  Hydralisk x2  
  113  8:34  Drone  
  113  8:35  Muscular Augments, Drone x3  
  113  8:38  Drone x3  
  120  8:41  Overlord  
  120  8:47  Hive  
  120  8:52  Hydralisk x3  
  126  8:57  Hydralisk  
  126  8:58  Hydralisk  
  126  9:01  Overlord  
  130  9:05  Hydralisk x2  
  134  9:12  Baneling x9  
  134  9:13  Baneling x9  
  134  9:18  Extractor  
  133  9:24  Overlord  
  133  9:25  Drone x3  
  133  9:27  Zergling x18  
  145  9:32  Zergling x2  
  145  9:33  Zergling x8  
  145  9:35  Overlord  
  145  9:36  Overlord  
  150  9:40  Overseer  
  150  9:41  Pneumatized Carapace  
  150  9:50  Drone x3  
  150  9:52  Overlord  
  153  9:54  Drone  
  153  9:57  Spire  
  153  10:02  Overlord  
  153  10:03  Viper x3  
  153  10:05  Overlord  
  153  10:06  Zergling x16  
  169  10:16  Overlord  
  169  10:19  Zergling x22  
  174  10:27  Zergling x16  
  155  10:28  Baneling x3  
  155  10:33  Baneling  
  155  10:34  Baneling x10  
  151  10:38  Hydralisk x2  
  154  10:42  Zergling x2  
  154  10:43  Zergling x10  
  154  10:47  Zergling x10  
  139  10:57  Zergling x20  
  139  11:01  Baneling x8  
  146  11:06  Zergling x4  
  146  11:07  Zergling x2  
  147  11:14  Zergling x2  
  147  11:15  Zergling x8  
  147  11:18  Zergling x2  
  147  11:23  Overseer x2  
Show
View Real Time Build Order
Export as new Build Order

gumiho Terran - Winner!

Build Orders: Reaper Expand, Hellion Banshee 

Get SALT Encoding   

  12  0:00  SCV  
  13  0:12  SCV  
  14  0:17  Supply Depot  
  14  0:25  SCV  
  15  0:39  SCV  
  15  0:40  Barracks  
  16  0:44  Refinery  
  16  0:51  SCV  
  17  1:03  SCV  
  18  1:15  SCV  
  19  1:27  Reaper  
  19  1:28  Orbital Command  
  20  1:41  Command Center  
  20  1:50  Bunker  
  20  1:53  SCV  
  21  1:59  Reaper  
  22  2:04  Supply Depot  
  22  2:07  SCV  
  23  2:19  SCV  
  23  2:24  Refinery  
  23  2:30  Factory  
  23  2:31  SCV  
  24  2:41  Barracks Reactor  
  24  2:43  SCV  
  25  2:54  Orbital Command  
  25  2:56  SCV  
  26  3:08  SCV  
  27  3:17  Starport  
  27  3:20  SCV x2  
  27  3:22  Hellion x2  
  27  3:24  Barracks Tech Lab  
  33  3:32  SCV x2  
  35  3:39  Command Center  
  35  3:43  Hellion x2  
  35  3:45  SCV x2  
  41  3:53  Supply Depot  
  41  3:57  SCV x2  
  41  4:00  Viking  
  41  4:01  Cloaking Field  
  45  4:11  Refinery  
  45  4:12  Barracks Tech Lab, Refinery, SCV  
  45  4:14  SCV  
  47  4:33  Hellion x2  
  47  4:34  Banshee, SCV x2  
  54  4:47  Factory  
  54  4:48  Factory  
  54  4:50  SCV x2  
  54  4:51  Orbital Command  
  54  4:52  Barracks Tech Lab  
  56  4:59  Armory  
  56  5:03  SCV x2  
  62  5:07  Hellion x2  
  62  5:15  SCV x2  
  62  5:18  Orbital Command  
  62  5:19  Banshee  
  67  5:27  SCV  
  69  5:28  SCV  
  69  5:32  Supply Depot  
  69  5:40  Engineering Bay  
  69  5:43  SCV  
  69  5:44  Hellion x2  
  69  5:45  SCV x2  
  69  5:49  Terran Vehicle And Ship Armor Level 1  
  76  5:55  SCV  
  79  5:57  SCV x2  
  82  6:04  Cyclone  
  82  6:05  Cyclone  
  82  6:07  Refinery  
  85  6:11  Refinery  
  85  6:14  Factory x2  
  85  6:15  SCV x3  
  88  6:19  Supply Depot  
  88  6:20  Supply Depot  
  88  6:24  Supply Depot  
  88  6:27  Supply Depot  
  88  6:28  SCV  
  88  6:29  SCV  
  88  6:31  SCV  
  91  6:40  Cyclone  
  91  6:42  SCV x2  
  91  6:43  SCV  
  95  6:54  SCV x2  
  95  6:55  SCV  
  96  7:06  SCV  
  96  7:07  SCV x2  
  93  7:11  Cyclone  
  93  7:12  Factory Tech Lab x2, Hellion x2  
  93  7:13  Cyclone  
  93  7:16  Missile Turret  
  93  7:18  Banshee  
  93  7:19  SCV x3  
  99  7:23  Missile Turret  
  99  7:26  Supply Depot  
  99  7:27  Supply Depot  
  99  7:29  Supply Depot  
  99  7:31  SCV x2  
  99  7:32  Cyclone, SCV  
  105  7:37  Armory  
  105  7:41  Missile Turret  
  108  7:44  Cyclone x2  
  108  7:46  Terran Vehicle And Ship Armor Level 2  
  108  7:50  Hellion  
  115  7:51  Hellion  
  115  7:54  Cyclone  
  118  7:59  SCV x3  
  118  8:03  Supply Depot  
  118  8:04  Supply Depot  
  118  8:05  Cyclone  
  124  8:07  Banshee, Supply Depot  
  124  8:10  Infernal Pre-Igniter  
  124  8:11  Mag-Field Accelerator  
  127  8:15  Hellion  
  127  8:16  Hellion x2  
  133  8:20  SCV  
  133  8:24  Cyclone  
  139  8:28  Cyclone  
  140  8:34  Terran Vehicle Weapons Level 1  
  140  8:37  Siege Tank x2, Hellion  
  148  8:48  Command Center  
  148  8:51  Supply Depot  
  148  8:54  Supply Depot  
  148  8:56  Banshee  
  148  8:57  Supply Depot, Hellion  
  148  8:58  Hellion  
  155  9:03  Factory  
  155  9:04  Factory  
  155  9:16  Siege Tank x2  
  161  9:17  Siege Tank  
  161  9:18  Hellion  
  161  9:19  Hellion  
  161  9:20  Hellion  
  161  9:21  Supply Depot x2  
  170  9:40  Siege Tank  
  170  9:41  Banshee  
  170  9:42  Hellion x2  
  180  9:46  SCV x2  
  180  9:48  SCV  
  180  9:50  Factory Reactor, Factory Tech Lab  
  183  9:59  Siege Tank x2  
  189  10:01  Siege Tank  
  189  10:05  Hellion x2  
  189  10:06  Planetary Fortress  
  196  10:13  Siege Tank  
  199  10:27  Hellion  
  199  10:28  Hellion  
  166  10:38  Siege Tank x2  
  170  10:43  Cyclone  
  170  10:45  Hellion x2  
  177  10:50  Command Center, Refinery x2  
  177  10:51  Cyclone  
  177  10:52  Hellion x2  
  177  10:54  Command Center  
  177  10:55  Cyclone  
  155  11:07  Hellion x2  
  165  11:13  Hellion x2  

Tags
 
Add a new tag
Caveats
  • Supply blocks, unpowered buildings, or Contaminate may cause inaccurate times.
  • Supply counts are checked every 10 seconds.